TOP OF THE 1ST |
Arizona Diamondbacks batting - Pitching for San Diego Padres : RHP German Marquez
|
Pitching: RHP German Marquez
|
|
Batting: RHB Ramon Laureano
|
0-0: Called Strike 0-1: Ball 1-1: Foul Ball, location: 2F 1-2: Ball 2-2: SINGLE (Groundball, 6MD, EV 104.4 MPH)
|
Batting: RHB Fernando Tatis Jr.
|
0-0: TRIPLE (Line Drive, 8RXD, EV 101.3 MPH) Ramon Laureano scores
|
Batting: RHB Gleyber Torres
|
0-0: Ball 1-0: Ball 2-0: Ground out 2-3 (Groundball, 2R, EV 72.5 MPH)
|
Batting: RHB Anthony Rendon
|
0-0: Foul Ball, location: 2F 0-1: Swinging Strike 0-2: Ball 1-2: Ball 2-2: Foul Ball, location: 2F 2-2: SINGLE (Line Drive, 4D, EV 96.3 MPH) Fernando Tatis Jr. scores
|
Batting: LHB Alex Verdugo
|
0-0: Ball 1-0: Ball 2-0: Called Strike 2-1: Called Strike 2-2: Strikes out looking
|
Batting: LHB Ryan McMahon
|
0-0: Called Strike 0-1: Ball 1-1: Called Strike 1-2: Ground out 4-3 (Groundball, 4, EV 89.4 MPH)
|
Top of the 1st over - 2 runs, 3 hits, 0 errors, 1 left on base; Arizona 2 - San Diego 0 |
BOTTOM OF THE 1ST |
San Diego Padres batting - Pitching for Arizona Diamondbacks : RHP Trevor Williams
|
Pitching: RHP Trevor Williams
|
|
Batting: SHB Victor Caratini
|
0-0: Ball 1-0: Foul Ball, location: 2F 1-1: Foul Ball, location: 2F 1-2: Ball 2-2: Ball 3-2: Base on Balls
|
Batting: LHB Max Kepler
|
0-0: Fly out, F9 (Flyball, 89M, EV 86.3 MPH)
|
Batting: RHB Jose Altuve
|
0-0: Ball 1-0: Foul Ball, location: 2F 1-1: Called Strike 1-2: Ball 2-2: Ball 3-2: Grounds into double play, U4-3 (Groundball, 6M, EV 101.9 MPH)
|
Bottom of the 1st over - 0 runs, 0 hits, 0 errors, 0 left on base; Arizona 2 - San Diego 0 |
TOP OF THE 2ND |
Arizona Diamondbacks batting - Pitching for San Diego Padres : RHP German Marquez
|
Batting: SHB Francisco Mejia
|
0-0: Foul Ball, location: 2F 0-1: Bunt for hit to 5S - play at first, batter OUT! 5-3
|
Batting: LHB Raimel Tapia
|
0-0: Foul Ball, location: 2F 0-1: Foul Ball, location: 2F 0-2: Ball 1-2: Ball 2-2: Strikes out swinging
|
Batting: RHB Trevor Williams
|
0-0: Swinging Strike 0-1: Ball 1-1: Swinging Strike 1-2: Ground out 6-3 (Groundball, 6, EV 99.4 MPH)
|
Top of the 2nd over - 0 runs, 0 hits, 0 errors, 0 left on base; Arizona 2 - San Diego 0 |
BOTTOM OF THE 2ND |
San Diego Padres batting - Pitching for Arizona Diamondbacks : RHP Trevor Williams
|
Batting: RHB Hunter Renfroe
|
0-0: Called Strike 0-1: Foul Ball, location: 2F 0-2: Strikes out swinging
|
Batting: SHB Carlos Santana
|
0-0: Ball 1-0: Called Strike 1-1: Ball 2-1: Called Strike 2-2: Foul Ball, location: 2F 2-2: Foul Ball, location: 2F 2-2: Ball 3-2: Base on Balls
|
Batting: RHB Lorenzo Cain
|
0-0: Called Strike 0-1: Ball 1-1: Ball 2-1: Ground out 6-3 (Groundball, 6, EV 88.8 MPH) Carlos Santana to second
|
Batting: RHB Amed Rosario
|
0-0: Ball 1-0: Ball 2-0: Ball 3-0: Foul Ball, location: 2F 3-1: Ground out 5-3 (Groundball, 5, EV 93.8 MPH)
|
Bottom of the 2nd over - 0 runs, 0 hits, 0 errors, 1 left on base; Arizona 2 - San Diego 0 |
TOP OF THE 3RD |
Arizona Diamondbacks batting - Pitching for San Diego Padres : RHP German Marquez
|
Batting: RHB Ramon Laureano
|
0-0: Called Strike 0-1: Foul Ball, location: 2F 0-2: SINGLE (Line Drive, 8RS, EV 95.0 MPH)
|
Batting: RHB Fernando Tatis Jr.
|
0-0: Ball 1-0: Called Strike 1-1: Fielders Choice at 2nd, 6-4 (Groundball, 6, EV 85.0 MPH)
|
Batting: RHB Gleyber Torres
|
0-0: Called Strike 0-1: Called Strike 0-2: SINGLE (Line Drive, 89M, EV 90.6 MPH) Fernando Tatis Jr. to second Runner from 2nd tries for 3rd, SAFE, throw by RF made to third
|
Batting: RHB Anthony Rendon
|
0-0: Ball 1-0: Foul Ball, location: 2F 1-1: Ball 2-1: Ball 3-1: Base on Balls Gleyber Torres to second
|
Batting: LHB Alex Verdugo
|
0-0: Foul Ball, location: 2F 0-1: Foul Ball, location: 2F 0-2: Strikes out looking
|
Batting: LHB Ryan McMahon
|
0-0: Ball 1-0: Foul Ball, location: 2F 1-1: Ball Wild Pitch! Fernando Tatis Jr. scores Gleyber Torres to third Anthony Rendon to second 2-1: Ball 3-1: Ground out 4-3 (Groundball, 4, EV 83.1 MPH)
|
Top of the 3rd over - 1 run, 2 hits, 0 errors, 2 left on base; Arizona 3 - San Diego 0 |
BOTTOM OF THE 3RD |
San Diego Padres batting - Pitching for Arizona Diamondbacks : RHP Trevor Williams
|
Batting: RHB Christian Arroyo
|
0-0: Ball 1-0: Ground out 5-3 (Groundball, 56, EV 104.4 MPH)
|
Batting: RHB German Marquez
|
0-0: Foul Ball, location: 2F 0-1: Ball 1-1: Ground out 5-3 (Groundball, 56S, EV 85.6 MPH)
|
Batting: SHB Victor Caratini
|
0-0: Ground out 5-3 (Groundball, 56, EV 88.8 MPH)
|
Bottom of the 3rd over - 0 runs, 0 hits, 0 errors, 0 left on base; Arizona 3 - San Diego 0 |
TOP OF THE 4TH |
Arizona Diamondbacks batting - Pitching for San Diego Padres : RHP German Marquez
|
Batting: SHB Francisco Mejia
|
0-0: Foul Ball, location: 2F 0-1: Swinging Strike 0-2: Foul Ball, location: 2F 0-2: Ball 1-2: Fly out, F8 (Flyball, 8RD, EV 84.4 MPH)
|
Batting: LHB Raimel Tapia
|
0-0: Foul Ball, location: 2F 0-1: Foul Ball, location: 2F 0-2: Ball 1-2: Ball 2-2: Foul Ball, location: 2F 2-2: Foul Ball, location: 2F 2-2: Foul Ball, location: 2F 2-2: Ball 3-2: Base on Balls
|
Batting: RHB Trevor Williams
|
0-0: Ground out 5-3 (Groundball, 56, EV 82.5 MPH) Raimel Tapia to second
|
Batting: RHB Ramon Laureano
|
0-0: Ball 1-0: Foul Ball, location: 2F 1-1: Ball 2-1: Ball 3-1: Foul Ball, location: 2F 3-2: Fly out, F3 (Flyball, 34D, EV 80.0 MPH)
|
Top of the 4th over - 0 runs, 0 hits, 0 errors, 1 left on base; Arizona 3 - San Diego 0 |
BOTTOM OF THE 4TH |
San Diego Padres batting - Pitching for Arizona Diamondbacks : RHP Trevor Williams
|
Batting: LHB Max Kepler
|
0-0: Ground out 6-3 (Groundball, 6, EV 88.1 MPH)
|
Batting: RHB Jose Altuve
|
0-0: Ball 1-0: Ball 2-0: SINGLE (Line Drive, 56D, EV 100.0 MPH)
|
Batting: RHB Hunter Renfroe
|
0-0: Called Strike 0-1: Ball 1-1: Ball 2-1: Swinging Strike 2-2: Ball 3-2: Strikes out looking
|
Batting: SHB Carlos Santana
|
0-0: Swinging Strike 0-1: Foul Ball, location: 2F 0-2: Ball 1-2: Foul Ball, location: 2F 1-2: Fly out, F6 (Popup, 4M, EV 70.6 MPH)
|
Bottom of the 4th over - 0 runs, 1 hit, 0 errors, 1 left on base; Arizona 3 - San Diego 0 |
TOP OF THE 5TH |
Arizona Diamondbacks batting - Pitching for San Diego Padres : RHP German Marquez
|
Batting: RHB Fernando Tatis Jr.
|
0-0: Swinging Strike 0-1: Ball 1-1: Ball 2-1: Fly out, F8 (Flyball, 78D, EV 86.9 MPH)
|
Batting: RHB Gleyber Torres
|
0-0: Ball 1-0: Foul Ball, location: 2F 1-1: Swinging Strike 1-2: Foul Ball, location: 2F 1-2: Fly out, F6 (Popup, 15S, EV 90.6 MPH)
|
Batting: RHB Anthony Rendon
|
0-0: Called Strike 0-1: SINGLE (Groundball, 56D, EV 98.8 MPH)
|
Batting: LHB Alex Verdugo
|
0-0: Ball 1-0: Fielders Choice at 2nd, 5-4 (Groundball, 56, EV 79.4 MPH)
|
Top of the 5th over - 0 runs, 1 hit, 0 errors, 1 left on base; Arizona 3 - San Diego 0 |
BOTTOM OF THE 5TH |
San Diego Padres batting - Pitching for Arizona Diamondbacks : RHP Trevor Williams
|
Batting: RHB Lorenzo Cain
|
0-0: Called Strike 0-1: Ball 1-1: Ball 2-1: Foul Ball, location: 2F 2-2: Ball 3-2: Base on Balls
|
Batting: RHB Amed Rosario
|
0-0: Swinging Strike 0-1: Swinging Strike 0-2: Strikes out looking
|
Batting: RHB Christian Arroyo
|
0-0: Ball 1-0: Called Strike 1-1: Fly out, F9 (Line Drive, 9, EV 91.9 MPH)
|
Pinch Hitting: LHB Brian Goodwin
|
0-0: Called Strike 0-1: Fielders Choice at 2nd, 5-4 (Groundball, 56, EV 78.1 MPH)
|
Bottom of the 5th over - 0 runs, 0 hits, 0 errors, 1 left on base; Arizona 3 - San Diego 0 |
TOP OF THE 6TH |
Arizona Diamondbacks batting - Pitching for San Diego Padres : RHP German Marquez
|
Pitching: RHP Cam Bedrosian
|
|
Batting: LHB Ryan McMahon
|
0-0: Ball 1-0: Fly out, F9 (Flyball, 9D, EV 106.3 MPH)
|
Batting: SHB Francisco Mejia
|
0-0: Ball 1-0: Swinging Strike 1-1: Swinging Strike 1-2: SINGLE (Groundball, 56D, EV 101.9 MPH)
|
Batting: LHB Raimel Tapia
|
0-0: Ball 1-0: Foul Ball, location: 2F 1-1: Ball 2-1: Ball 3-1: Base on Balls Francisco Mejia to second
|
Batting: RHB Trevor Williams
|
0-0: Ball 1-0: Bunt - Flyout to 15S! F1
|
Batting: RHB Ramon Laureano
|
0-0: Called Strike 0-1: Called Strike 0-2: Strikes out swinging
|
Top of the 6th over - 0 runs, 1 hit, 0 errors, 2 left on base; Arizona 3 - San Diego 0 |
BOTTOM OF THE 6TH |
San Diego Padres batting - Pitching for Arizona Diamondbacks : RHP Trevor Williams
|
Batting: SHB Victor Caratini
|
0-0: Ball 1-0: Called Strike 1-1: Ball 2-1: Called Strike 2-2: Ball 3-2: Foul Ball, location: 2F 3-2: Base on Balls
|
Batting: LHB Max Kepler
|
0-0: Foul Ball, location: 2F 0-1: Foul Ball, location: 2F 0-2: Foul Ball, location: 2F 0-2: Fly out, F9 (Flyball, 9LS, EV 86.3 MPH)
|
Batting: RHB Jose Altuve
|
0-0: Ball 1-0: Reached on error, E6 (Groundball, 56, EV 85.0 MPH) Victor Caratini to second
|
Batting: RHB Hunter Renfroe
|
0-0: Ball 1-0: Ball 2-0: Ball 3-0: Called Strike 3-1: Base on Balls Victor Caratini to third Jose Altuve to second
|
Batting: SHB Carlos Santana
|
0-0: Ball 1-0: Ball 2-0: Ball 3-0: Called Strike 3-1: Called Strike 3-2: Base on Balls Victor Caratini scores Jose Altuve to third Hunter Renfroe to second
|
Batting: RHB Lorenzo Cain
|
0-0: Fly out, F8 (Flyball, 8LXD, EV 79.4 MPH) Runner from 3rd tags up, SCORES, no throw by CF Hunter Renfroe to third
|
Pitching: RHP Kodi Whitley
|
|
Batting: RHB Amed Rosario
|
0-0: Ball 1-0: Swinging Strike 1-1: Called Strike 1-2: Ground out 5-3 (Groundball, 56S, EV 87.5 MPH)
|
Bottom of the 6th over - 2 runs, 0 hits, 1 error, 2 left on base; Arizona 3 - San Diego 2 |
TOP OF THE 7TH |
Arizona Diamondbacks batting - Pitching for San Diego Padres : RHP Cam Bedrosian
|
Pitching: RHP R.J. Alvarez
|
|
Batting: RHB Fernando Tatis Jr.
|
0-0: Called Strike 0-1: Called Strike 0-2: Foul Ball, location: 2F 0-2: Strikes out looking
|
Batting: RHB Gleyber Torres
|
0-0: DOUBLE (Line Drive, 7LS, EV 105.6 MPH)
|
Batting: RHB Anthony Rendon
|
0-0: Ball 1-0: Fly out, F3 (Popup, 3SF, EV 68.8 MPH)
|
Batting: LHB Alex Verdugo
|
0-0: Ball 1-0: Ball Wild Pitch! Gleyber Torres to third 2-0: Ball 3-0: Base on Balls
|
Batting: LHB Ryan McMahon
|
0-0: Foul Ball, location: 2F 0-1: Foul Ball, location: 2F 0-2: Ball 1-2: Ball 2-2: Strikes out swinging
|
Top of the 7th over - 0 runs, 1 hit, 0 errors, 2 left on base; Arizona 3 - San Diego 2 |
BOTTOM OF THE 7TH |
San Diego Padres batting - Pitching for Arizona Diamondbacks : RHP Kodi Whitley
|
Batting: RHB Christian Arroyo
|
0-0: Fly out, F4 (Line Drive, 4, EV 66.9 MPH)
|
Pinch Hitting: SHB Johan Camargo
|
0-0: Called Strike 0-1: Ball 1-1: Called Strike 1-2: Ball 2-2: Foul Ball, location: 2F 2-2: Strikes out swinging
|
Batting: SHB Victor Caratini
|
0-0: Fly out, F9 (Flyball, 9, EV 85.6 MPH)
|
Bottom of the 7th over - 0 runs, 0 hits, 0 errors, 0 left on base; Arizona 3 - San Diego 2 |
TOP OF THE 8TH |
Arizona Diamondbacks batting - Pitching for San Diego Padres : RHP R.J. Alvarez
|
Pitching: RHP Jose Leclerc
|
|
Batting: SHB Francisco Mejia
|
0-0: Called Strike 0-1: Called Strike 0-2: Strikes out looking
|
Batting: LHB Raimel Tapia
|
0-0: Fly out, F8 (Flyball, 78D, EV 100.0 MPH)
|
Pinch Hitting: LHB Josh Reddick
|
0-0: Called Strike 0-1: Ball 1-1: Foul Ball, location: 2F 1-2: Ball 2-2: Foul Ball, location: 2F 2-2: SINGLE (Groundball, 34D, EV 102.5 MPH)
|
Batting: RHB Ramon Laureano
|
0-0: Ball 1-0: Swinging Strike 1-1: Ball 2-1: Ball 3-1: Base on Balls Josh Reddick to second
|
Batting: RHB Fernando Tatis Jr.
|
0-0: Ball 1-0: Ball 2-0: Foul Ball, location: 2F 2-1: Ball 3-1: Foul Ball, location: 2F 3-2: Foul Ball, location: 2F 3-2: Ground out 4-3 (Groundball, 34, EV 100.6 MPH)
|
Top of the 8th over - 0 runs, 1 hit, 0 errors, 2 left on base; Arizona 3 - San Diego 2 |
BOTTOM OF THE 8TH |
San Diego Padres batting - Pitching for Arizona Diamondbacks : RHP Kodi Whitley
|
Pitching: LHP Paul Fry
|
|
Batting: LHB Max Kepler
|
0-0: Fly out, F9 (Flyball, 89D, EV 92.5 MPH)
|
Batting: RHB Jose Altuve
|
0-0: Ball 1-0: Foul Ball, location: 2F 1-1: Ground out 5-3 (Groundball, 56, EV 77.5 MPH)
|
Batting: RHB Hunter Renfroe
|
0-0: Swinging Strike 0-1: Ball 1-1: Called Strike 1-2: Ball 2-2: Foul Ball, location: 2F 2-2: Ball 3-2: Foul Ball, location: 2F 3-2: Strikes out looking
|
Bottom of the 8th over - 0 runs, 0 hits, 0 errors, 0 left on base; Arizona 3 - San Diego 2 |
TOP OF THE 9TH |
Arizona Diamondbacks batting - Pitching for San Diego Padres : RHP Jose Leclerc
|
Pitching: RHP Archie Bradley
|
|
Batting: RHB Gleyber Torres
|
0-0: Called Strike 0-1: Ground out 6-3 (Groundball, 6, EV 76.9 MPH)
|
Batting: RHB Anthony Rendon
|
0-0: Swinging Strike 0-1: Ball 1-1: Swinging Strike 1-2: Ball 2-2: Strikes out looking
|
Batting: LHB Alex Verdugo
|
0-0: Ball 1-0: Foul Ball, location: 2F 1-1: Swinging Strike 1-2: Ball 2-2: Strikes out swinging
|
Top of the 9th over - 0 runs, 0 hits, 0 errors, 0 left on base; Arizona 3 - San Diego 2 |
BOTTOM OF THE 9TH |
San Diego Padres batting - Pitching for Arizona Diamondbacks : LHP Paul Fry
|
Pitching: RHP Keone Kela
|
|
Now in CF: Socrates Brito
|
|
Batting: SHB Carlos Santana
|
0-0: Ball 1-0: Ball 2-0: Called Strike 2-1: Ball 3-1: Foul Ball, location: 2F 3-2: Strikes out swinging
|
Batting: RHB Lorenzo Cain
|
0-0: SINGLE (Line Drive, 8LS, EV 109.4 MPH)
|
Batting: RHB Amed Rosario
|
0-0: Called Strike 0-1: Ball 1-1: Ball 2-1: Ball 3-1: Base on Balls Lorenzo Cain to second
|
Batting: RHB Christian Arroyo
|
0-0: Foul Ball, location: 2F 0-1: Called Strike 0-2: Strikes out looking
|
Pinch Hitting: RHB Justin Upton
|
0-0: Ball 1-0: Foul Ball, location: 2F 1-1: Swinging Strike 1-2: Ball 2-2: 3-RUN HOME RUN (Flyball, 78XD, EV 105.6 MPH), Distance : 406 ft
|
Bottom of the 9th over - 3 runs, 2 hits, 0 errors, 0 left on base; Arizona 3 - San Diego 5 |
|